 Dungeon Crawl Stone Soup version 0.22-a0-284-g99d1f74 (webtiles) character file.

168 galech the Covered (level 5, -7/42 HPs)
             Began as a Human Fighter on Mar 20, 2018.
             Killed by divine providence
             ... invoked by an orc priest
              (16 damage)
             ... on level 3 of the Dungeon.
             The game lasted 00:04:36 (3202 turns).

galech the Covered (Human Fighter)                  Turns: 3202, Time: 00:04:37

Health: -7/42      AC:  8    Str: 18    XL:     5   Next: 78%
Magic:  5/5        EV:  8    Int:  8    God:
Gold:   164        SH:  9    Dex: 12    Spells: 4/4 levels left

rFire    . . .     SeeInvis .   a - +0 war axe
rCold    . . .     Gourm    .   c - +0 shield
rNeg     . . .     Faith    .   b - +0 scale mail
rPois    .         Spirit   .   n - +0 helmet
rElec    .         Reflect  .   (no cloak)
rCorr    .         Harm     .   (no gloves)
MR       .....                  (no boots)
Stlth    ..........             (no amulet)
HPRegen  0.14/turn              (no ring)
MPRegen  0.09/turn              (no ring)

@: no status effects
A: no striking features
a: no special abilities


You were on level 3 of the Dungeon.
You were not hungry.

You visited 1 branch of the dungeon, and saw 3 of its levels.

You collected 164 gold pieces.

Inventory:

Hand Weapons
 a - a +0 war axe (weapon)
Armour
 b - a +0 scale mail (worn)
 c - a +0 shield (worn)
 n - a +0 helmet (worn)
Scrolls
 h - a scroll of fog {unknown}
 l - 4 scrolls of identify {unknown}
 m - 3 scrolls of remove curse {unknown}
 o - a scroll of noise {unknown}
Potions
 d - a potion of might
 e - a potion of curing {unknown}
 g - 2 potions of flight {unknown}
 i - 2 potions of magic {unknown}
 j - 2 potions of berserk rage {unknown}
 k - a potion of ambrosia {unknown}
 p - a potion of mutation {unknown}
Comestibles
 f - 13 rations
 q - 6 chunks of flesh


   Skills:
 + Level 3.8 Fighting
 + Level 3.1 Axes
 + Level 3.8 Armour
 + Level 1.5 Dodging
 + Level 3.7 Shields


You had 4 spell levels left.
You didn't know any spells.

Dungeon Overview and Level Annotations

Branches:
Dungeon (3/15)

Altars:
Kikubaaqudgha
Sif Muna
Vehumet


Message History

You hear an angry hiss.
You are too injured to fight recklessly!
You are too injured to fight recklessly!
You are too injured to fight recklessly!
You are too injured to fight recklessly!
You are too injured to fight recklessly!
You are too injured to fight recklessly!
You are too injured to fight recklessly!
You are too injured to fight recklessly!
You are too injured to fight recklessly!
You are too injured to fight recklessly!
You closely miss the orc priest.
The orc priest is severely wounded.
The orc priest hits you with a short sword.
* * * LOW HITPOINT WARNING * * *
You barely miss the orc priest.
The orc priest is severely wounded.
The orc priest invokes the aid of Beogh against you.
Beogh smites you!
You die...

##############
.............#
.............#
.............#
>............#
.............###
...............#
.......#.###.#.#########
.......#.#.....o@......#
####.###.#.#.#.#######.#
####.###.#.......
..............o.##
####.###......... #.#
########.o. #.# ..o. #.#
..... ...


You could see an orc priest.

Vanquished Creatures
  An orc wizard (D:3)
  Robin (D:2)
  A gnoll (D:3)
  2 adders (D:2)
  4 worms
  2 dart slugs (D:1)
  2 leopard geckos
  5 orcs (D:3)
  3 bats
  A giant cockroach (D:1)
  12 goblins
  13 hobgoblins
  7 jackals
  A quokka (D:3)
  2 frilled lizards
  10 kobolds
  4 rats
71 creatures vanquished.

Notes
Turn   | Place    | Note
-------+----------+-------------------------------------------
     0 | D:1      | galech the Human Fighter began the quest for the Orb.
     0 | D:1      | Reached XP level 1. HP: 18/18 MP: 1/1
    95 | D:1      | Reached XP level 2. HP: 22/24 MP: 2/2
   383 | D:1      | Reached XP level 3. HP: 23/29 MP: 3/3
  1122 | D:2      | Reached XP level 4. HP: 32/35 MP: 4/4
  1681 | D:2      | Noticed Robin
  1708 | D:2      | HP: 1/35 [Robin/dagger (3)]
  1709 | D:2      | Killed Robin
  1709 | D:2      | Reached skill level 1 in Dodging
  1998 | D:2      | Reached XP level 5. HP: 40/41 MP: 5/5
  2596 | D:3      | Found a radiant altar of Vehumet.
  2596 | D:3      | Found an ancient bone altar of Kikubaaqudgha.
  2843 | D:3      | Found a deep blue altar of Sif Muna.
  2848 | D:3      | Identified Kikubaaqudgha's Collected Works on Dark Arts
  3202 | D:3      | Killed from afar by an orc priest

Vault maps used:
D:1:      minmay_arrival_loop, minmay_pentomino_o2
D:2:      dk_vineyard_1, uniq_robin
D:3:      grunt_temple_overflow_magic_moments, first_ration, minmay_cut_off

Skill      XL: |  1  2  3  4  5 |
---------------+----------------+-----
Dodging        | 1 |  1.5
Axes           | 3 |  3.1
Fighting       | |  3.8
Armour         | |  3.8
Shields        | |  3.7

Action                   |  1- 3 |  4- 6 || total
-------------------------+-------+-------++-------
Melee: War axe           |    86 |   133 ||   219
  Eat: Chunk             |     1 |     7 ||     8
Armor: Scale mail        |    49 |    42 ||    91
Dodge: Dodged            |    29 |    35 ||    64
Block: Shield            |    55 |    70 ||   125

Table legend:
 A = Spawn XP
 B = Non-spawn XP
 C = Spawn XP percentage of total XP
 D = Spawn monster count
 E = Non-spawn monster count
 F = Spawn count percentage of total count
 G = Total turns spent on level
                    A         B        C        D         E        F      G
               +---------+---------+-------+---------+---------+-------+---------
         Total |       0 |     241 |   0.0 |       0 |      71 |   0.0 |  3202
               +---------+---------+-------+---------+---------+-------+---------
           D:1 |       0 |      55 |   0.0 |       0 |      28 |   0.0 |  1347
           D:2 |       0 |      97 |   0.0 |       0 |      27 |   0.0 |  1088
           D:3 |       0 |      89 |   0.0 |       0 |      16 |   0.0 |   767
               +---------+---------+-------+---------+---------+-------+---------
